cohdb
Replays
Latest Replays
All Replays
Popular Replays
Top Player Replays
Match Explorer
How It Works
Community
CoH3 Stats
Reddit
Sign in to upload your games and track your stats! →
Sign in with Steam
Flatten taranto coastline
Match 35567147
Overview
Messages
Build Orders
End
Panzergrenadier Squad
Kradschützen Motorcycle Team
250 Light Carrier
Selects Armored Support Battlegroup
Construct Light Support Kompanie
Combat Half-tracks
Selects Superior Fire Drills
MG34 Team
Panzerjäger Mechanized Group
MG34 Team
Advanced Field Repairs
Construct Mechanized Kompanie
Construct Panzerarmee Kommand
Selects Flammpanzer III Medium Tank
Flammpanzer III Medium Tank
Emergency Repair Kits
Armored Reserves
Panzer IV Assault Group
Flammpanzer III Medium Tank
Selects Salvage Kits
Selects Panzer Storm
Vehicle Survival Package
Tungsten Core Ammunition
Selects Stuka Anti-tank Loiter
Stuka Anti-tank Loiter
Advanced Optics
Rapid Advance
Panzerpioneer Squad
Tiger Heavy Tank
Cpt.Bod
Max1boy
0
0
Comments
sign in to comment!
No comments posted yet!